 Dungeon Crawl Stone Soup version 0.30-a0-956-gcec3b41aec (webtiles) character file.

Game seed: 6145099477576238149

1517 Dirian the Cleaver (level 8, -1/70 HPs)
             Began as a Minotaur Fighter on Mar 29, 2023.
             Was an Elder of Zin.
             Slain by a gnoll
             ... wielding a +0 whip
             ... led by a gnoll sergeant
              (7 damage)
             ... on level 6 of the Dungeon.
             The game lasted 00:14:30 (4161 turns).

Dirian the Cleaver (Minotaur Fighter)               Turns: 4161, Time: 00:14:31

Health: -1/70      AC: 15    Str: 24    XL:     8   Next: 54%
Magic:  6/8        EV:  8    Int:  6    God:    Zin [****..]
Gold:   122        SH:  5    Dex: 11    Spells: 7/7 levels left

rFire   + . .      SeeInvis .    b - +1 broad axe (heavy)
rCold   . . .      Faith    .    c - +0 buckler
rNeg    . . .      Spirit   .    G - +0 chain mail
rPois   ∞          Reflect  .    (helmet restricted)
rElec   .          Rampage  .    y - +2 cloak {rCorr}
rCorr   +                        p - +0 pair of gloves
Will    +....                    (no boots) Stlth
                                 (no amulet)
HPRegen 0.31/turn                q - ring of protection from fire
MPRegen 0.11/turn                l - ring of willpower

@: vitalised
A: horns 2, retaliatory headbutt
a: Renounce Religion, Recite, Vitalisation, Imprison, Donate Gold


You were on level 6 of the Dungeon.
You worshipped Zin.
Zin was greatly pleased with you.
You visited 1 branch of the dungeon, and saw 6 of its levels.

You collected 330 gold pieces.
You spent 175 gold pieces at shops.
You donated 33 gold pieces to Zin.

Inventory:

Hand Weapons
 a - a +0 war axe
 b - a +1 heavy broad axe (weapon)
 A - a +0 mace
Missiles
 w - 2 javelins (quivered)
Armour
 c - a +0 buckler (worn)
 p - a +0 pair of gloves (worn)
 y - a +2 cloak of preservation (worn)
 E - a +0 plate armour
 G - a +0 chain mail (worn)
Jewellery
 f - a ring of positive energy
 l - a ring of willpower (right hand)
 n - a ring of flight
 q - a ring of protection from fire (left hand)
Wands
 k - a wand of charming (12)
 z - a wand of flame (13)
Scrolls
 h - a scroll of poison
 j - 2 scrolls of magic mapping
 r - a scroll of vulnerability {unknown}
 t - 4 scrolls of teleportation
 v - 2 scrolls of enchant armour
 B - a scroll of fear
Potions
 d - 3 potions of might
 e - 3 potions of mutation
 g - 3 potions of flight {unknown}
 i - a potion of degeneration {unknown}
 m - 2 potions of brilliance {unknown}
 o - 2 potions of berserk rage {unknown}
 s - 3 potions of curing {unknown}
 u - a potion of attraction {unknown}
 C - a potion of lignification {unknown}
 D - a potion of heal wounds {unknown}
 F - a potion of ambrosia {unknown}


   Skills:
 + Level 5.9 Fighting
 + Level 9.1 Axes
 + Level 7.5 Armour
 + Level 5.5 Shields
 + Level 1.4 Invocations


You had 7 spell levels left.
You didn't know any spells.
Your spell library contained the following spells:

 Spells                   Type           Power      Damage    Failure   Level
 Apportation              Tloc           0%         N/A       98%         1
 Magic Dart               Conj           0%         1d3       98%         1
 Necrotise                Necr           0%         1d4       98%         1
 Sandblast                Erth           0%         2d4       98%         1
 Summon Small Mammal      Summ           0%         N/A       98%         1
 Passwall                 Tmut/Erth      0%         N/A       99%         2
 Searing Ray              Conj           0%         2d4       99%         2
 Stone Arrow              Conj/Erth      0%         3d7       100%        3
 Fulminant Prism          Conj/Hex       0%         3d5       100%        4


Dungeon Overview and Level Annotations

Branches:
Dungeon (6/15) Zot: 26704
 Temple: D:4-7

Altars:
Qazlal
Yredelemnul
Zin

Shops:
D:3 ?


Innate Abilities, Weirdness & Mutations

You have a pair of horns on your head.
You reflexively headbutt those who attack you in melee.


Message History

A gnoll comes into view. It is wielding a +0 halberd.
The kobold brigand closely misses you.
The howler monkey hits you but does no damage.
You slash the howler monkey!
The howler monkey is severely wounded.
You closely miss the kobold. You slash the kobold brigand!
You kill the kobold brigand!
The howler monkey hits you but does no damage.
The gnoll completely misses you. You block the kobold's attack.
The gnoll sergeant hits you from afar with a +0 spear of flaming!
* * * LOW HITPOINT WARNING * * *
The gnoll sergeant burns you.
* * * LOW HITPOINT WARNING * * *
You block the gnoll sergeant's attack. The kobold barely misses you.
The gnoll hits you but does no damage.
The howler monkey hits you but does no damage.
Your Axes skill increases to level 9!
Okay, then.
Zin grants you divine stamina. The howler monkey hits you.
* * * LOW HITPOINT WARNING * * *
You block the gnoll's attack.
The gnoll hits you from afar with a +0 spear!
* * * LOW HITPOINT WARNING * * *
You block the gnoll sergeant's attack. The kobold hits you but does no damage.
It was a potion of mutation.
You feel extremely strange.
Zin protects your body from mutation! x2
Zin forgives your inadvertent chaotic act, just this once.
You block the howler monkey's attack. The gnoll hits you but does no damage.
The gnoll hits you from afar with a +0 spear.
* * * LOW HITPOINT WARNING * * *
The gnoll sergeant hits you but does no damage.
The kobold misses you. The gnoll attacks as you move away!
The gnoll hits you but does no damage.
The howler monkey hoots and howls with incredible vigour!
You hear a shout!
You hear a bark!
The gnoll attacks as you move away! The gnoll closely misses you.
You block the gnoll's attack. The gnoll attacks as you move away!
The gnoll hits you with a +0 whip!
You die...

.............)#.##..##.#
...[............ ......# .
..............#. ....?.# ..
................##..#.##..#
.....##.. ..###..gg.......
......... .......)g....#
#..###########.#g......##..
#.......##......hgK........
#.#####.##.....#@......####
#.# #..#.............# #.#
##...............# ..#
###....[.<......... ..#
####.......##########.
..###....#.....# .
.###..####.....# .....##
#...[.# .##### #######


You could see a gnoll sergeant (strong), a howler monkey (catching breath), 4
gnolls and a kobold.

Vanquished Creatures
  Prince Ribbit (D:5)
  Eustachio (D:5)
  3 black bears (D:5)
  A phantom (D:6)
  A kobold brigand (D:6)
  A scorpion (D:4)
  A howler monkey (D:6)
  2 jellies
  2 orc priests (D:4)
  Crazy Yiuf (D:5)
  5 hounds
  5 iguanas
  An orc wizard (D:4)
  9 gnolls
  4 adders
  2 ufetubi
  A worm (D:4)
  2 dart slugs
  7 orcs
  10 ball pythons
  8 endoplasms
  3 giant cockroaches
  3 goblins
  7 hobgoblins
  4 jackals (D:1)
  7 kobolds
  3 quokkas
  6 bats
  A frilled lizard (D:2)
  11 rats
113 creatures vanquished.

Notes
Turn   | Place    | Note
-------+----------+-------------------------------------------
     0 | D:1      | Dirian the Minotaur Fighter began the quest for the Orb.
     0 | D:1      | Reached XP level 1. HP: 19/19 MP: 0/0
   106 | D:1      | Reached XP level 2. HP: 21/27 MP: 1/1
   546 | D:1      | Reached XP level 3. HP: 23/33 MP: 2/2
   854 | D:1      | Reached skill level 3 in Axes
  1013 | D:2      | Found a faded altar of an unknown god.
  1075 | D:2      | Prayed at the altar of an unknown god.
  1075 | D:2      | Became a worshipper of Zin the Law-Giver
  1075 | D:2      | Reached * piety under Zin
  1213 | D:2      | Reached XP level 4. HP: 35/40 MP: 3/3
  1221 | D:2      | Reached skill level 4 in Axes
  1293 | D:2      | Reached ** piety under Zin
  1641 | D:3      | Identified the +9 dagger of Causality {holy, MP+9 Dex+3}
  1679 | D:3      | Found Iclino's Magic Scroll Emporium.
  2052 | D:3      | Bought a scroll of enchant weapon for 97 gold pieces
  2052 | D:3      | Bought a scroll of teleportation for 39 gold pieces
  2052 | D:3      | Bought a scroll of noise for 13 gold pieces
  2087 | D:4      | Reached XP level 5. HP: 34/47 MP: 4/4
  2089 | D:4      | Reached *** piety under Zin
  2350 | D:4      | Reached skill level 5 in Axes
  2350 | D:4      | Reached skill level 5 in Armour
  2359 | D:4      | Reached XP level 6. HP: 17/53 MP: 5/5
  2977 | D:3      | Bought a scroll of identify for 26 gold pieces
  3013 | D:5      | Entered Level 5 of the Dungeon
  3027 | D:5      | Reached skill level 6 in Axes
  3030 | D:5      | Found a basalt altar of Yredelemnul.
  3050 | D:5      | Found a stormy altar of Qazlal.
  3070 | D:5      | Reached XP level 7. HP: 47/60 MP: 6/6
  3172 | D:5      | Reached skill level 7 in Axes
  3197 | D:5      | Reached skill level 5 in Fighting
  3273 | D:5      | Reached skill level 1 in Invocations
  3323 | D:5      | Identified a scroll of acquirement
  3324 | D:5      | Acquired a +0 heavy broad axe
  3353 | D:5      | Reached **** piety under Zin
  3459 | D:5      | Found a runed translucent door.
  3460 | D:5      | Noticed Crazy Yiuf
  3465 | D:5      | Killed Crazy Yiuf
  3466 | D:5      | Reached skill level 5 in Shields
  3577 | D:5      | Noticed Eustachio
  3595 | D:5      | Killed Eustachio
  3635 | D:5      | Noticed Prince Ribbit
  3652 | D:5      | Killed Prince Ribbit
  3653 | D:5      | Reached skill level 8 in Axes
  3653 | D:5      | Reached XP level 8. HP: 39/69 MP: 7/7
  4156 | D:6      | Reached skill level 9 in Axes
  4161 | D:6      | Slain by a gnoll

Illustrated notes

Levels and vault maps discovered:
D:1:      psy_arrival_fountain, layout_loops_corners
D:2:      layout_loops_cross, ebering_ecumenical_altar_ruins
D:3:      layout_rooms, serial_shops, nicolae_lakefront_shop,
          minmay_misc_feat_five
D:4:      layout_cave_pods
D:5:      layout_loops_ring, mainiacjoe_overflow_large_starburst,
          dreamdust_gnoll_farm, uniq_crazy_yiuf_cottage, uniq_eustachio,
          uniq_prince_ribbit1
D:6:      layout_rooms, grunt_ministairs_14

Skill      XL: |  1  2  3  4  5  6  7  8 |
---------------+-------------------------+-----
Armour         | 4 5 7 |  7.5
Fighting       | 4 5 |  5.9
Shields        | 4 5 |  5.5
Axes           | 3 4 5 6 8 9 |  9.1
Invocations    | 1 |  1.4

Action                     |  1- 3 |  4- 6 |  7- 9 || total
---------------------------+-------+-------+-------++-------
  Melee: War axe           |    70 |   110 |    23 ||   203
         Headbutt          |     8 |    19 |    13 ||    40
         Broad axe         |       |       |    54 ||    54
 Invoke: Recite            |     1 |     1 |     1 ||     3
         Vitalisation      |       |       |     1 ||     1
    Use: Scroll            |       |     3 |     6 ||     9
         Potion            |       |       |     1 ||     1
 Armour: Scale mail        |    42 |    51 |    57 ||   150
         Chain mail        |       |       |    16 ||    16
  Dodge: Dodged            |    35 |    53 |    60 ||   148
  Block: Buckler           |    16 |    18 |    36 ||    70

Table legend: (Time is in decaauts)
 A = Elapsed time spent in this place.
 B = Non-inter-level travel time spent in this place.
 C = Inter-level travel time spent in this place.
 D = Time resting spent in this place.
 E = Time spent auto-exploring this place.
 F = Levels seen in this place.
 G = Mean time per level.
                   A        B        C        D        E       F      G
               +--------+--------+--------+--------+--------+-----+--------+
         Total |   4266 |   4009 |    257 |    119 |   2149 |   6 |  711.0 |
       Dungeon |   4266 |   4009 |    257 |    119 |   2149 |   6 |  711.0 |
               +--------+--------+--------+--------+--------+-----+--------+

Top non-repeatable levels by time:
     D:1: 914 daAuts
     D:4: 903 daAuts
     D:5: 903 daAuts
     D:2: 699 daAuts
     D:3: 550 daAuts
     D:6: 295 daAuts
